Map: Lerilak Crest

Players

YBpitbull

  • Race: Protoss Protoss
  • League: Gold

LilDicky - Winner!

  • Race: Terran Terran
  • League: Diamond

VOD

http://www.twitch.tv/tumescentpie

Description

Time

  • Played on: Nov. 25, 2015, 8:10 p.m.
  • Length: 5:41
Show
View Real Time Build Order
Export as new Build Order

YBpitbull Protoss 

Build Orders: Oracle Opening 

Get SALT Encoding   

  12  0:02  Probe (Chrono Boost)  
  13  0:13  Probe (Chrono Boost)  
  14  0:22  Pylon  
  14  0:24  Probe (Chrono Boost)  
  15  0:37  Assimilator  
  15  0:40  Probe (Chrono Boost)  
  16  0:44  Gateway  
  16  0:51  Probe (Chrono Boost)  
  17  1:01  Probe (Chrono Boost)  
  18  1:06  Assimilator  
  18  1:12  Probe (Chrono Boost)  
  19  1:22  Probe (Chrono Boost)  
  20  1:31  Cybernetics Core  
  20  1:33  Probe (Chrono Boost)  
  20  1:34  Pylon  
  23  1:43  Probe (Chrono Boost)  
  23  1:45  Pylon  
  23  1:54  Probe (Chrono Boost)  
  23  2:05  Probe (Chrono Boost)  
  24  2:12  Stalker  
  24  2:13  Stargate  
  24  2:14  Warp Gate  
  28  2:30  Mothership Core (Chrono Boost)  
  28  2:41  Pylon  
  28  2:48  Probe (Chrono Boost)  
  29  2:53  Nexus  
  29  3:00  Probe (Chrono Boost)  
  30  3:06  Oracle (Chrono Boost)  
  33  3:19  Robotics Facility  
  26  3:35  Stalker  
  23  4:06  Observer  
  23  4:07  Probe  
  23  4:08  Probe  
  26  4:19  Probe  
  26  4:21  Probe  
  28  4:29  Probe  
  29  4:33  Probe  
  30  4:48  Probe  
  30  4:49  Probe  
  32  4:58  Probe  
  32  5:01  Immortal, Probe  
  38  5:21  Gateway  
  38  5:24  Robotics Bay  
  38  5:31  Pylon  
Show
View Real Time Build Order
Export as new Build Order

LilDicky Terran - Winner!

Build Orders: MMM Bio 

Get SALT Encoding   

  12  0:01  SCV  
  13  0:13  SCV  
  14  0:17  Supply Depot  
  14  0:25  SCV  
  15  0:30  Refinery  
  15  0:42  SCV  
  16  0:48  Barracks  
  16  0:54  SCV  
  17  1:06  SCV  
  18  1:19  SCV  
  19  1:31  SCV  
  20  1:36  Factory  
  20  1:38  Marine  
  21  1:40  Supply Depot  
  21  1:48  Orbital Command  
  21  1:58  Marine  
  22  2:09  Refinery  
  22  2:14  SCV  
  23  2:19  Barracks  
  23  2:22  Barracks  
  23  2:27  Barracks Reactor  
  23  2:35  SCV  
  24  2:40  Widow Mine  
  26  2:47  SCV  
  27  2:57  Supply Depot  
  26  2:59  SCV  
  26  3:03  Marine x2  
  29  3:07  Barracks Tech Lab  
  29  3:09  Barracks Tech Lab, Widow Mine  
  31  3:19  SCV  
  32  3:22  Marine x2  
  34  3:28  Supply Depot, Stimpack, Combat Shields  
  34  3:29  Marine  
  34  3:31  SCV  
  34  3:32  Marine  
  35  3:49  Marauder, Marine x2  
  35  3:51  Marauder  
  41  3:57  Supply Depot  
  41  3:58  SCV  
  42  4:07  Marine x2  
  44  4:11  SCV, Marauder  
  47  4:18  Starport  
  47  4:25  Marine, Marauder  
  47  4:27  Marine  
  51  4:34  Engineering Bay  
  51  4:37  Marauder  
  51  4:42  Supply Depot  
  51  4:47  Marine  
  51  4:48  Concussive Shells  
  51  4:50  SCV  
  53  4:55  Medivac  
  55  5:02  Missile Turret  
  54  5:12  Marauder, Marine x2  
  58  5:20  Marauder  
  60  5:27  Supply Depot  
  62  5:36  Supply Depot  
Tags
 
Add a new tag
Caveats
  • Supply blocks, unpowered buildings, or Contaminate may cause inaccurate times.
  • Supply counts are checked every 10 seconds.